 Dungeon Crawl Stone Soup version 0.26.0-57-g60708a5e39 (webtiles) character file.

Game seed: 3445293088120302013

254 PentaManta the Insei (level 6, -2/38 HPs)
             Began as an Octopode Transmuter on Feb 1, 2021.
             Was an Initiate of Nemelex Xobeh.
             Slain by Grinder (4 damage)
             ... while paralysed by Grinder
             ... on level 4 of the Dungeon.
             The game lasted 00:05:41 (2950 turns).

PentaManta the Insei (Octopode Transmuter)          Turns: 2950, Time: 00:05:42

Health: -2/38      AC:  4    Str:  9    XL:     6   Next: 15%
Magic:  9/9        EV:  2    Int: 16    God:    Nemelex Xobeh [......]
Gold:   370        SH:  0    Dex: 14    Spells: 8/9 levels left

rFire    . . .     SeeInvis .     - Unarmed
rCold    . . .     Faith    .   a - +1 tower shield {AC+3}
rNeg     . . .     Spirit   .   (helmet restricted)
rPois    .         Reflect  .   (no amulet)
rElec    .         Harm     .   (no ring)
rCorr    .         Rampage  .   (no ring)
Will     .....                  (no ring)
Stlth    ++........             (no ring)
HPRegen  0.12/turn              (no ring)
MPRegen  0.11/turn              (no ring)
                                (no ring)
                                (no ring)

@: paralysed
A: almost no armour, stealthy swim, amphibious, 8 rings, constrict 8, camouflage
1, gelatinous body 1
a: Renounce Religion, Draw Escape, Draw Destruction, Draw Summoning


You were on level 4 of the Dungeon.
You worshipped Nemelex Xobeh.
Nemelex Xobeh was noncommittal.
You visited 2 branches of the dungeon, and saw 5 of its levels.

You collected 370 gold pieces.

Inventory:

Hand Weapons
 g - a +0 dagger of venom
Armour
 a - a +1 tower shield of protection (worn)
Jewellery
 o - an uncursed ring of fire
 q - an uncursed amulet of guardian spirit
Wands
 m - a wand of paralysis (5)
Scrolls
 b - 7 scrolls of identify {unknown}
 c - 3 scrolls of amnesia {unknown}
 e - a scroll of teleportation {unknown}
 f - a scroll of random uselessness {unknown}
 h - a scroll of blinking {unknown}
 j - a scroll of fear {unknown}
 k - a scroll of remove curse {unknown}
Potions
 d - 4 potions of attraction {unknown}
 i - 2 potions of lignification {unknown}
 l - a potion of curing {unknown}
 n - a potion of cancellation {unknown}
 p - a potion of brilliance {unknown}
 r - a potion of heal wounds {unknown}


   Skills:
 - Level 1.0 Fighting
 + Level 3.2 Dodging
 + Level 2.3 Shields
 * Level 4.8 Unarmed Combat
 - Level 2.0 Spellcasting
 + Level 3.2 Transmutations


You had 8 spell levels left.
You knew the following spells:

 Your Spells              Type           Power        Failure   Level
a - Beastly Appendage     Tmut           24%          71%         1

Your spell library contained the following spells:

 Spells                   Type           Power        Failure   Level
 Wereblood                Tmut           12%          83%         2
 Spider Form              Tmut/Pois      3%           99%         3
 Ice Form                 Ice/Tmut       6%           100%        4
 Blade Hands              Tmut           6%           100%        5


Dungeon Overview and Level Annotations

Branches:
Dungeon (4/15)             Temple (1/1) D:4

Altars:
Ashenzari
Cheibriados
Dithmenos
Elyvilon
Fedhas
Gozag
Hepliaklqana
Kikubaaqudgha
Nemelex Xobeh
Okawaru
Qazlal
Trog
Wu Jian
Xom
Yredelemnul
Zin
The Shining One

Annotations:
D:4 Grinder


Innate Abilities, Weirdness & Mutations

You cannot wear most types of armour.
You are very stealthy in the water. (Stealth+)
You are amphibious.
You can wear up to eight rings at the same time.
You can use your tentacles to constrict eight enemies at once.
Your skin changes colour to match your surroundings (Stealth+).
Your rubbery body absorbs attacks. (AC +1, EV +1)


Message History

Grinder blinks!
Grinder says, "Wait up."
Grinder blinks!
Grinder gestures at you. You resist with significant effort.
You tentacle-slap Grinder. You grab Grinder.
Grinder is lightly wounded.
You constrict Grinder. Grinder hits you.
You writhe in agony.
You tentacle-slap Grinder but do no damage.
Grinder is lightly wounded.
You constrict Grinder, but do no damage.
Grinder gestures at you.
You suddenly lose the ability to move!
You lose your grip on Grinder.
Grinder hits you!
You writhe in agony.
Grinder gestures at you. Pain shoots through your body!
* * * LOW HITPOINT WARNING * * *
Grinder hits you.
You die...
Your body disappears without a glow.

####### ### .## ####.#
#..# ###....##...
###.........# #
##..........# ##.
##.....5.....# ...
#......@.....##### ##...
.................###....
......≈≈≈≈≈......##.....
....≈≈≈≈≈≈≈≈≈...........
..≈≈≈≈≈≈≈≈≈≈≈≈≈.........
.≈≈≈≈≈≈≈≈≈≈≈≈≈≈≈.#......
.≈≈≈≈≈≈...≈≈≈≈≈≈.#......
.≈≈≈≈≈≈.>.≈≈≈≈≈≈.#......
≈≈≈≈≈≈...≈≈≈≈≈≈.##.....


You could see Grinder.

Vanquished Creatures
  2 hounds (D:4)
  A centaur skeleton (D:4)
  An orc wizard (D:3)
  A worker ant (D:2)
  A gnoll (D:4)
  An adder (D:3)
  An ufetubus (D:3)
  An ooze (D:3)
  2 worms (D:3)
  A dart slug (D:2)
  2 leopard geckos
  5 orcs (D:3)
  5 giant cockroaches
  10 goblins
  4 hobgoblins
  7 jackals
  6 kobolds
  A quokka (D:2)
  8 bats
  7 frilled lizards
  10 rats
77 creatures vanquished.

Vanquished Creatures (others)
  5 fungi (D:2)
  4 toadstools (D:2)
9 creatures vanquished.

Grand Total: 86 creatures vanquished

Notes
Turn   | Place    | Note
-------+----------+-------------------------------------------
     0 | D:1      | PentaManta the Octopode Transmuter began the quest for the
                  | Orb.
     0 | D:1      | Reached XP level 1. HP: 13/13 MP: 3/3
   129 | D:1      | Reached XP level 2. HP: 17/18 MP: 5/5
   825 | D:2      | Reached skill level 1 in Shields
   825 | D:2      | Reached XP level 3. HP: 15/23 MP: 6/6
  1207 | D:2      | Reached XP level 4. HP: 25/28 MP: 7/7
  1279 | D:2      | Found a glowing golden altar of the Shining One.
  1694 | D:3      | Reached skill level 4 in Unarmed Combat
  1699 | D:3      | Reached XP level 5. HP: 33/33 MP: 8/8
  2464 | D:4      | Reached XP level 6. HP: 9/38 MP: 9/9
  2726 | D:4      | Found a staircase to the Ecumenical Temple.
  2750 | D:4      | Noticed Grinder
  2752 | Temple   | Entered the Ecumenical Temple
  2888 | Temple   | Became a worshipper of Nemelex Xobeh the Trickster
  2898 | D:4      | Paralysed by Grinder for 2 turns
  2947 | D:4      | Paralysed by Grinder for 7 turns
  2950 | D:4      | Slain by Grinder

Illustrated notes

Levels and vault maps discovered:
D:1:      amcnicky_arrival_blooded_trapdoor, layout_rooms
D:2:      layout_rooms, nicolae_tso_swordbearing_angel, minmay_gold_behind_fungi
D:3:      layout_rooms, minmay_circle_x
D:4:      layout_cave_pods, temple_pool_b, cheibrodos_gnoll_hut, uniq_grinder
Temple:   nicolae_temple_elliptical

Skill      XL: |  1  2  3  4  5 |
---------------+----------------+-----
Shields        | 1 2 |  2.3
Unarmed Combat | 4 |  4.8
Dodging        | 3 |  3.2
Transmutations | 3 |  3.2
Fighting       | |  1.0
Spellcasting   | |  2.0

Action                   |  1- 3 |  4- 6 || total
-------------------------+-------+-------++-------
Melee: Unarmed           |    72 |   112 ||   184
       Constrict         |    22 |    24 ||    46
       Tentacles         |    10 |    20 ||    30
       Punch             |     2 |     3 ||     5
 Stab: Sleeping          |     4 |     5 ||     9
Armor: Skin              |    16 |    25 ||    41
Dodge: Dodged            |    12 |    31 ||    43
Block: Tower shield      |    30 |    50 ||    80
